 Dungeon Crawl Stone Soup version 0.24.0-2-g5b39cebb1c (webtiles) character file.

Game seed: 3345419109254955114, levelgen mode: deterministic

67157 inmateoo the Fencer (level 14, 0/174 HPs)
             Began as a Vampire Fighter on Oct 29, 2019.
             Was an Initiate of Gozag.
             Killed by vampiric draining
             ... invoked by a deep elf death mage
              (18 damage)
             ... on level 12 of the Dungeon.
             The game lasted 00:41:21 (23762 turns).

inmateoo the Fencer (Vampire Fighter)              Turns: 23762, Time: 00:41:21

Health: 0/174      AC: 17    Str: 38    XL:     14   Next: 81%
Magic:  14/14      EV:  9    Int: 11    God:    Gozag
Gold:   1336       SH: 25    Dex: 14    Spells: 13/13 levels left

rFire    + + .     SeeInvis +   r - +3 short sword (drain)
rCold    + . .     Gourm    .   A - +2 large shield {AC+3}
rNeg     . . .     Faith    .   H - +1 chain mail {rF+}
rPois    +         Spirit   .   F - +0 hat of Twilight {rC+ Str+6}
rElec    +         Reflect  +   e - +0 cloak
rCorr    .         Harm     .   t - +1 pair of gloves
MR       ++...                  (no boots)
Stlth    ..........             h - +5 amulet of reflection
HPRegen  0.59/turn              G - ring of Ceusit {*Contam rElec rPois MR+ Str+8}
MPRegen  0.14/turn              u - ring of protection from fire

@: berserking, gold aura, regenerating quickly, heavily drained, very quick
A: no food, fangs 3, see invisible, unbreathing
a: Exsanguinate, Potion Petition, Call Merchant, Bribe Branch, Renounce Religion


You were on level 12 of the Dungeon.
You worshipped Gozag.
Gozag was most pleased with you.
You were alive.

You visited 2 branches of the dungeon, and saw 19 of its levels.
You also visited: Gauntlet.

You collected 5953 gold pieces.
You spent 1130 gold pieces at shops.
You paid 3487 gold pieces to Gozag.

Inventory:

Hand Weapons
 a - a +0 long sword
 r - a +3 short sword of draining (weapon)
 s - a +2 short sword of venom
 E - a +3 triple sword of pain
Missiles
 i - 9 javelins (quivered)
 q - 15 silver javelins
Armour
 e - a +0 cloak (worn)
 t - a +1 pair of gloves (worn)
 A - a +2 large shield of protection (worn)
 C - the +1 chain mail of the Spheres {Str+3}
   (You found it on level 10 of the Dungeon)

   It affects your strength (+3).
 F - the +0 hat of Twilight (worn) {rC+ Str+6}
   (You found it in a Gauntlet)

   It affects your strength (+6).
   It protects you from cold.
 H - a +1 chain mail of fire resistance (worn)
Jewellery
 h - a +5 amulet of reflection (around neck)
 u - a ring of protection from fire (right hand)
 G - the ring of Ceusit (left hand) {*Contam rElec rPois MR+ Str+8}
   (You found it in a Gauntlet)

   [ring of protection from magic]

   It affects your strength (+8).
   It insulates you from electricity.
   It protects you from poison.
   It affects your resistance to hostile enchantments.
   It causes magical contamination when unequipped.
Wands
 g - a wand of enslavement (11)
 v - a wand of random effects (42)
 y - a wand of paralysis (17)
 z - a wand of acid (4)
 B - a wand of scattershot (4)
 K - a wand of iceblast (8)
Scrolls
 b - 3 scrolls of enchant weapon
 c - a scroll of enchant armour
 j - 3 scrolls of identify
 k - 3 scrolls of fog
 m - a scroll of amnesia
 n - 6 scrolls of remove curse
 L - 3 scrolls of teleportation
 P - a scroll of summoning
Potions
 d - 2 potions of cancellation
 f - 8 potions of curing
 l - 2 potions of flight
 o - 2 potions of brilliance
 p - 3 potions of resistance
 x - a potion of magic
 I - a potion of agility
 J - a potion of mutation
 M - a potion of ambrosia
 N - a potion of invisibility
 O - a potion of haste


   Skills:
 + Level 12.4(10.8) Fighting
 * Level 17.8(16.0) Long Blades
 - Level 8.0(6.5) Armour
 - Level 8.0(6.5) Dodging
 - Level 3.1(1.8) Stealth
 + Level 6.6(5.2) Shields


You had 13 spell levels left.
You didn't know any spells.
Your spell library contained the following spells:

 Spells                   Type           Power        Failure   Level  Hunger
 Animate Skeleton         Necr           N/A          100%        1    N/A
 Apportation              Tloc           #.....       100%        1    N/A
 Beastly Appendage        Tmut           #.....       100%        1    N/A
 Confusing Touch          Hex            #.....       100%        1    N/A
 Corona                   Hex            #......      100%        1    N/A
 Flame Tongue             Conj/Fire      #....        100%        1    N/A
 Summon Butterflies       Summ           #.......     100%        1    N/A
 Summon Small Mammal      Summ           #...         100%        1    N/A
 Slow                     Hex            #.......     100%        2    N/A
 Throw Flame              Conj/Fire      #.....       100%        2    N/A
 Conjure Flame            Conj/Fire      #.......     100%        3    N/A
 Inner Flame              Hex/Fire       #.......     100%        3    N/A
 Lesser Beckoning         Tloc           #.........   100%        3    N/A
 Portal Projectile        Hex/Tloc       #.....       100%        3    N/A
 Recall                   Summ/Tloc      N/A          100%        3    N/A
 Tukima's Dance           Hex            #.......     100%        3    N/A
 Animate Dead             Necr           N/A          100%        4    N/A
 Cause Fear               Hex            #.........   100%        4    N/A
 Ice Form                 Ice/Tmut       #.......     100%        4    N/A
 Leda's Liquefaction      Hex/Erth       #.........   100%        4    N/A
 Sticky Flame             Conj/Fire      #.......     100%        4    N/A
 Alistair's Intoxication  Tmut/Pois      #.......     100%        5    N/A
 Blade Hands              Tmut           #.........   100%        5    N/A
 Borgnjor's Vile Clutch   Necr/Erth      #.........   100%        5    N/A
 Dispel Undead            Necr           #.......     100%        5    N/A
 Fireball                 Conj/Fire      #.........   100%        5    N/A
 Irradiate                Conj/Tmut      #.........   100%        5    N/A
 Metabolic Englaciation   Hex/Ice        #.........   100%        5    N/A
 Silence                  Hex/Air        #.........   100%        5    N/A
 Yara's Violent Unravell  Hex/Tmut       #.........   100%        5    N/A
 Bolt of Cold             Conj/Ice       #.........   100%        6    N/A
 Death Channel            Necr           #.........   100%        6    N/A
 Deflect Missiles         Chrm/Air       #.........   100%        6    N/A
 Freezing Cloud           Conj/Ice/Air   #.........   100%        6    N/A
 Invisibility             Hex            #.......     100%        6    N/A
 Ozocubu's Refrigeration  Ice            #.........   100%        6    N/A
 Simulacrum               Ice/Necr       #.........   100%        6    N/A
 Discord                  Hex            #.........   100%        8    N/A

Dungeon Overview and Level Annotations

Branches:
Dungeon (13/15)            Temple (0/1) D:5            Lair (6/6) D:10
 Shoals (0/4) Lair:4       Spider (0/4) Lair:3        Slime (0/5) Lair:6
    Orc (0/2) D:12        Gauntlet (visited)
 Vaults: D:13-14

Altars:
Ashenzari
Cheibriados
Dithmenos
Fedhas
Gozag
Hepliaklqana
Okawaru
Qazlal
Ru
Trog
Uskayaw
Vehumet
Xom
Yredelemnul
Zin
Jiyva

Shops:
Lair:1 [[*(

Annotations:
Lair:3 2 transporters, cucked's ghost, journeyman OgTm
Lair:5 2 transporters, Ruewk's ghost, journeyman CeAM


Innate Abilities, Weirdness & Mutations

You do not eat.
Your natural rate of healing is unusually fast.
You have razor-sharp teeth.
You have supernaturally acute eyesight. (SInv)
You can survive without breathing.


Message History

You miss the deep elf death mage.
Your bite misses the deep elf death mage.
The deep elf death mage is severely wounded.
The deep elf death mage is infused with unholy energy.
* * * LOW HITPOINT WARNING * * *
The deep elf death mage draws life force from you and is healed!
Unknown command.
Unknown command.
Okay, then.
A red film seems to cover your vision as you go berserk!
You feel yourself moving faster!
You feel mighty!
You block the deep elf death mage's attack.
You hit the deep elf death mage. You bite the deep elf death mage!
The deep elf death mage is severely wounded.
You puncture the deep elf death mage!
The deep elf death mage is almost dead.
The insubstantial wisp is no longer distracted by gold.
The deep elf death mage is infused with unholy energy.
You die...
Your body crumbles into a pile of gold.

#### ### #..# #.. #.)# #..
#e$# #.. #@(# #.. #..# #(.
#..# #..
###########..#############..
#.........v.................
#...........................
#.###################..#####
#.# #.(# #.# #..#


You could see a deep elf death mage and an insubstantial wisp.

Vanquished Creatures
  2 entropy weavers (D:12)
  A minotaur (Gauntlet)
  Harold (D:8)
  A ghost crab (Gauntlet)
  A catoblepas (Lair:4)
  A centaur warrior (D:12)
  7 hydras
  3 two-headed ogres
  An anaconda (Lair:6)
  A queen ant (D:12)
  Urug (Lair:2)
  2 deep elf knights (D:12)
  Nergalle (D:11)
  A lindwurm (Lair:6)
  A wolf spider (Lair:6)
  2 ugly things
  3 deep elf magi
  6 elephants
  A manticore (Lair:4)
  A centaur zombie (D:12)
  2 black mambas
  3 torpor snails
  19 spiny frogs
  2 gargoyles
  2 rime drakes
  6 komodo dragons
  2 ice devils
  A hellwing (Gauntlet)
  A queen bee (Lair:2)
  3 polar bears (Lair:6)
  4 tyrant leeches (Lair:6)
  3 trolls
  26 blink frogs
  6 dream sheep (Lair:6)
  7 hippogriffs
  A wraith (D:11)
  52 yaks
  7 fire bats (Lair:6)
  3 hogs (D:9)
  2 hungry ghosts
  A human (D:9)
  11 vampire mosquitoes
  A warg (D:12)
  An acid dragon (D:11)
  17 soldier ants
  19 water moccasins
  Duvessa (D:6)
  7 porcupines
  A swamp drake (D:13)
  4 orc warriors
  4 sky beasts
  3 ice beasts
  3 phantoms
  2 black bears
  5 wolves (Lair:1)
  2 ogres
  7 centaurs
  15 crocodiles
  2 big kobolds
  21 bullfrogs
  Dowan (D:6)
  2 scorpions
  33 killer bees
  12 wights
  3 electric eels
  8 howler monkeys
  A lava snake (Lair:6)
  6 crimson imps
  8 hounds
  A bullfrog zombie (D:11)
  2 jellies
  6 orc wizards
  8 orc priests
  3 centaur skeletons
  5 iguanas
  2 bullfrog skeletons (D:6)
  37 worker ants
  A hound zombie (D:5)
  2 hound skeletons
  A worker ant zombie (D:6)
  6 gnolls
  A howler monkey skeleton (D:7)
  9 adders
  4 shadow imps
  2 adder skeletons
  3 worms
  3 dart slugs
  8 leopard geckos
  34 orcs
  5 bats
  9 giant cockroaches
  7 goblins
  8 hobgoblins
  10 jackals
  5 quokkas
  A ball python (D:1)
  9 frilled lizards
  A jackal skeleton (D:5)
  A jackal zombie (D:8)
  16 kobolds
  A leopard gecko skeleton (D:4)
  10 rats
612 creatures vanquished.

Vanquished Creatures (others)
  An orc warrior (D:12)
  2 kobolds (D:12)
  11 fungi
  57 plants
71 creatures vanquished.

Grand Total: 683 creatures vanquished

Notes
Turn   | Place    | Note
-------+----------+-------------------------------------------
     0 | D:1      | inmateoo the Vampire Fighter began the quest for the Orb.
     0 | D:1      | Reached XP level 1. HP: 17/17 MP: 1/1
    81 | D:1      | Reached XP level 2. HP: 21/23 MP: 2/2
   559 | D:1      | Reached XP level 3. HP: 27/28 MP: 3/3
   977 | D:2      | Found a radiant altar of Vehumet.
  1042 | D:2      | Reached skill level 3 in Long Blades
  1237 | D:2      | Found a faded altar of an unknown god.
  1308 | D:2      | Found a glowing silver altar of Zin.
  1390 | D:2      | You fall into a shaft and drop 2 floors!
  1398 | D:4      | Reached XP level 4. HP: 26/35 MP: 4/4
  1479 | D:4      | Reached skill level 4 in Long Blades
  1479 | D:4      | Reached XP level 5. HP: 14/41 MP: 5/5
  1690 | D:4      | Reached XP level 6. HP: 48/48 MP: 6/6
  1867 | D:2      | Found an opulent altar of Gozag.
  1886 | D:2      | Found a bloodstained altar of Trog.
  1924 | D:2      | Became a worshipper of Gozag Ym Sagoz the Greedy
  2201 | D:3      | Reached skill level 5 in Long Blades
  2323 | D:3      | Found a blossoming altar of Fedhas.
  3119 | D:4      | Reached XP level 7. HP: 33/55 MP: 7/7
  3243 | D:4      | Reached skill level 6 in Long Blades
  3383 | D:4      | Found an iron altar of Okawaru.
  3484 | D:4      | Found a stormy altar of Qazlal.
  3728 | D:5      | Entered Level 5 of the Dungeon
  4126 | D:5      | Found a staircase to the Ecumenical Temple.
  4228 | D:5      | Reached skill level 5 in Fighting
  4252 | D:5      | Found a basalt altar of Yredelemnul.
  4621 | D:5      | Reached skill level 7 in Long Blades
  4690 | D:6      | Reached XP level 8. HP: 62/62 MP: 8/8
  4736 | D:6      | Noticed Dowan
  4737 | D:6      | Noticed Duvessa
  4761 | D:6      | Killed Duvessa
  4766 | D:6      | Killed Dowan
  4942 | D:6      | Found a runed translucent door.
  4943 | D:6      | Found a runed translucent door.
  5016 | D:6      | Reached skill level 8 in Long Blades
  5374 | D:6      | Found a hide-covered altar of Uskayaw.
  5528 | D:6      | Identified the Collected Works on Mutagenic Evil
  5718 | D:6      | Found a hazy altar of Hepliaklqana.
  5966 | D:7      | Reached skill level 9 in Long Blades
  5966 | D:7      | Reached XP level 9. HP: 69/69 MP: 9/9
  6004 | D:7      | Reached skill level 1 in Dodging
  6422 | D:7      | Reached skill level 5 in Armour
  6892 | D:8      | Found the +0 staff of Battle
  7211 | D:8      | Found a shattered altar of Ashenzari.
  7255 | D:8      | Noticed Harold
  7518 | D:8      | Noticed a two-headed ogre
  7857 | D:8      | Found a shadowy altar of Dithmenos.
  7857 | D:8      | Noticed a deep elf mage
  7858 | D:8      | Noticed a deep elf mage
  7867 | D:8      | Killed a deep elf mage
  7867 | D:8      | Reached skill level 10 in Long Blades
  7883 | D:8      | Killed a deep elf mage
  8221 | D:9      | Noticed a two-headed ogre
  8478 | D:8      | Killed a two-headed ogre
  8478 | D:8      | Reached XP level 10. HP: 29/79 MP: 10/10
  8770 | D:8      | Reached skill level 1 in Stealth
  9011 | D:8      | Reached skill level 11 in Long Blades
  9011 | D:8      | Reached skill level 5 in Dodging
  9328 | D:9      | Found a snail-covered altar of Cheibriados.
  9701 | D:9      | Found a shimmering altar of Xom.
  9701 | D:9      | Found a shimmering altar of Xom.
  9998 | D:9      | Reached skill level 12 in Long Blades
 10043 | D:9      | Found a shimmering altar of Xom.
 10165 | D:10     | Entered Level 10 of the Dungeon
 10430 | D:10     | Got a fine chain mail
 10447 | D:10     | Identified the +1 chain mail of the Spheres {Str+3} (You
                  | found it on level 10 of the Dungeon)
 10584 | D:10     | Found a staircase to the Lair.
 10843 | D:11     | Noticed a purple ugly thing
 10868 | D:11     | Killed a purple ugly thing
 10868 | D:11     | Reached XP level 11. HP: 43/87 MP: 11/11
 11027 | D:11     | Noticed a two-headed ogre
 11169 | Lair:1   | Entered Level 1 of the Lair of Beasts
 11562 | Lair:1   | Reached skill level 13 in Long Blades
 11583 | Lair:1   | Bought a runed long sword for 188 gold pieces
 11586 | Lair:1   | Bought a runed great sword for 275 gold pieces
 11599 | Lair:1   | Bought a scroll labeled RISUAF NY KAJ for 30 gold pieces
 11599 | Lair:1   | Bought a scroll labeled TIFROUHERAU for 30 gold pieces
 12580 | Lair:2   | Noticed Urug
 12602 | Lair:2   | Killed Urug
 12839 | Lair:2   | Found a frozen archway.
 13026 | Lair:1   | Bought a transparent helmet for 285 gold pieces
 13037 | Lair:1   | Identified the +0 helmet of Vehumet's Condemnation {Int+4}
                  | (You bought it in a shop on level 1 of the Lair of Beasts)
 13351 | Lair:2   | Reached skill level 14 in Long Blades
 13992 | Lair:3   | Noticed cucked's ghost (journeyman OgTm)
 13995 | Lair:3   | Reached skill level 10 in Fighting
 14084 | Lair:3   | Reached XP level 12. HP: 92/97 MP: 12/12
 14094 | Lair:3   | Found a gate leading to a gauntlet.
 14130 | Gauntlet | Entered a Gauntlet
 14130 | Gauntlet | Found a transporter.
 14139 | Gauntlet | Found a transporter.
 14151 | Gauntlet | Found a transporter.
 14155 | Gauntlet | Found a transporter.
 14165 | Gauntlet | Found a transporter.
 14184 | Gauntlet | Found a runed translucent gate.
 14185 | Gauntlet | Found a transporter.
 14185 | Gauntlet | Found a runed translucent gate.
 14186 | Gauntlet | Found a runed translucent gate.
 14197 | Gauntlet | Noticed a reaper
 14198 | Gauntlet | Found a transporter.
 14217 | Gauntlet | Found a transporter.
 14219 | Gauntlet | Found a transporter.
 14219 | Gauntlet | Noticed a ghost crab
 14227 | Gauntlet | Found a transporter.
 14247 | Gauntlet | Noticed a death scarab
 14256 | Gauntlet | Found a transporter.
 14256 | Gauntlet | Found a transporter.
 14285 | Gauntlet | Noticed a death scarab
 14288 | Gauntlet | Noticed an anaconda
 14288 | Gauntlet | a merfolk changed into an anaconda
 14289 | Gauntlet | an anaconda changed into a cyclops
 14292 | Gauntlet | Noticed an ettin
 14292 | Gauntlet | a sea snake changed into an ettin
 14293 | Gauntlet | Noticed an ice dragon
 14293 | Gauntlet | an ettin changed into an ice dragon
 14297 | Gauntlet | Noticed an entropy weaver
 14297 | Gauntlet | an ice dragon changed into an entropy weaver
 14356 | Gauntlet | Got a scorched hat
 14371 | Gauntlet | Killed a ghost crab
 14527 | Gauntlet | Got a slimy bone ring
 14628 | Gauntlet | Identified the +0 hat of Twilight {rC+ Str+6} (You found it
                  | in a Gauntlet)
 14629 | Gauntlet | Identified the ring of Ceusit {*Contam rElec rPois MR+
                  | Str+8} (You found it in a Gauntlet)
 14696 | Gauntlet | Noticed a minotaur
 14707 | Gauntlet | Killed a minotaur
 14715 | Gauntlet | Got a crystal short sword
 14727 | Gauntlet | Identified the +3 short sword "Jellybane" {antimagic,
                  | Int+3} (You found it in a Gauntlet)
 15025 | Lair:3   | Found a transporter.
 15026 | Lair:3   | Found a transporter.
 15116 | Lair:3   | Found a hole to the Spider Nest.
 15524 | Lair:4   | Found a staircase to the Shoals.
 15993 | Lair:4   | Reached skill level 15 in Long Blades
 16119 | Lair:4   | Noticed a catoblepas
 16147 | Lair:4   | Killed a catoblepas
 16882 | Lair:5   | Reached XP level 13. HP: 66/104 MP: 13/13
 17020 | Lair:5   | Reached skill level 5 in Shields
 17326 | Lair:5   | Found a transporter.
 17327 | Lair:5   | Noticed Ruewk's ghost (journeyman CeAM)
 17442 | Lair:5   | Found a transporter.
 18073 | Lair:6   | Entered Level 6 of the Lair of Beasts
 18506 | Lair:6   | Reached skill level 16 in Long Blades
 19197 | Lair:6   | Reached XP level 14. HP: 113/113 MP: 14/14
 19424 | Lair:6   | Found a staircase to the Slime Pits.
 19429 | Lair:6   | Found a viscous altar of Jiyva.
 19708 | Lair:6   | Found a sacrificial altar of Ru.
 20250 | Lair:1   | Bought a +2 large shield of protection for 322 gold pieces
 20390 | D:11     | Noticed Nergalle
 20420 | D:11     | Killed Nergalle
 20420 | D:11     | Reached skill level 17 in Long Blades
 21232 | D:8      | Killed Harold
 21951 | D:12     | Found a staircase to the Orcish Mines.
 22314 | D:12     | Noticed an entropy weaver
 22505 | D:12     | Killed an entropy weaver
 22613 | D:12     | Noticed an entropy weaver
 22643 | D:12     | Killed an entropy weaver
 23762 | D:12     | Killed from afar by a deep elf death mage

Levels and vault maps discovered:
D:1:      saegor_arrival_simple_b, layout_basic, st_stairs_8
D:2:      layout_basic, grunt_gozag_statues, vehumet_crystals, zin_statuary,
          lightli_temple_of_fire, chequers_ecumenical_altar_twisty, first_ration
D:3:      minmay_wonky_spiral, layout_basic, fedhas_altar_4
D:4:      layout_loops_cross, okawaru_trees_1, lemuel_doored_altar,
          minmay_misc_feat_chi, grunt_ministairs_9
D:5:      layout_loops_corners, yredelemnul_altar_generic,
          minmay_temple_entry_gardened_gates, chequers_serial_rivers_micro_b,
          minivault_19, dk_vineyard_2
D:6:      lemuel_insect_pit, layout_gridville, kennysheep_mini,
          lemuel_coloured_pillars_altar, uniq_duvessa
D:7:      layout_rooms
D:8:      layout_loops_corners, basic_altar, david_defended_altar_elf,
          uniq_harold
D:9:      layout_basic, xom_redecorated, cheibriados_altar_1, grunt_livestock,
          hangedman_abyss_or_decor_lesser_grid
D:10:     layout_roguey, lair_entry_dummy
D:11:     layout_roguey, uniq_nergalle
D:12:     layout_long_grid, david_orc_3, minivault_29
D:13:     layout_cave_pools, serial_shops, nicolae_shop_trees, pond
Lair:1:   layout_regular_city, serial_bayou_shore_b, serial_bayou_shore_a
Lair:2:   layout_roguey [special_room_bee], portal_ice_cave_demonic_guard,
          wad_woods_road_05, uniq_urug
Lair:3:   layout_chaotic_city, spider_nest_entry_web_field,
          gammafunk_ghost_hive, serial_forest, infiniplex_forest_end_3,
          infiniplex_forest_straight_4, infiniplex_forest_straight_2,
          infiniplex_forest_zigzag_2, infiniplex_forest_clump_small,
          infiniplex_forest_clump_long, infiniplex_forest_pool,
          infiniplex_forest_corner_1, infiniplex_forest_straight_2,
          gauntlet_entry_generic
Lair:4:   layout_regular_city, minmay_shoals_entry_beasts, grunt_megastairs_1,
          lemuel_fruit_fields
Lair:5:   layout_small_grid, gammafunk_ghost_berserking_beasts,
          dpeg_stationary_puzzle, grunt_megastairs_4, infiniplex_staircase_pool
Lair:6:   minmay_lair_end_frog_pond, layout_gridlike, slime_altar_1,
          basic_altar, minmay_shattered_shrine

Skill      XL: |  1  2  3  4  5  6  7  8  9 10 11 12 13 14 |
---------------+-------------------------------------------+-----
Shields        | 3 4 5 6 |  6.6
Fighting       | 3 4 5 6 7 8 10 11 12 | 12.4
Long Blades    | 3 4 5 7 9 10 12 14 15 16 17 | 17.8
Armour         | 3 4 5 6 7 8 |  8.0
Dodging        | 4 5 6 8 |  8.0
Stealth        | 3 |  3.1

Action                   |  1- 3 |  4- 6 |  7- 9 | 10-12 | 13-15 || total
-------------------------+-------+-------+-------+-------+-------++-------
Melee: Long sword        |   146 |    80 |    23 |       |       ||   249
       Bite              |    18 |    17 |    73 |   209 |   276 ||   593
       Short sword       |       |    74 |   534 |  1208 |  1307 ||  3123
       Triple sword      |       |       |       |     8 |       ||     8
Throw: Javelin           |       |     1 |     1 |       |       ||     2
       Throwing net      |       |       |     1 |       |       ||     1
Invok: Call Merchant     |       |       |       |     2 |     2 ||     4
Evoke: Wand              |       |       |       |    26 |     7 ||    33
  Use: Scroll            |       |    12 |     5 |    14 |     3 ||    34
       Potion            |       |       |     2 |     6 |     1 ||     9
 Stab: Distracted        |       |       |     2 |     7 |     5 ||    14
       Paralysed         |       |       |       |     2 |       ||     2
Armor: Scale mail        |    47 |    57 |   109 |       |       ||   213
       Chain mail        |       |       |   107 |   305 |   220 ||   632
       Plate armour      |       |       |       |    78 |       ||    78
       Skin              |       |       |       |    41 |       ||    41
Dodge: Dodged            |    45 |    40 |   113 |   255 |   246 ||   699
Block: Shield            |    60 |    63 |   194 |   586 |   424 ||  1327
       Other             |       |       |       |     1 |       ||     1
       Reflection        |       |       |       |       |    28 ||    28
       Large shield      |       |       |       |       |   508 ||   508
       Rpst.: Long sword |    12 |     8 |       |       |       ||    20
